 Dungeon Crawl Stone Soup version 0.20.1-1-g8b1a95d (webtiles) character file.

128 Mesmaeker13 the Digger (level 5, 0/28 HPs)
             Began as a Gargoyle Earth Elementalist on July 29, 2017.
             Slain by an ogre
             ... wielding a +0 giant club
              (6 damage)
             ... on level 3 of the Dungeon.
             The game lasted 00:04:28 (2084 turns).

Mesmaeker13 the Digger (GrEE)                       Turns: 2084, Time: 00:04:29

Health: 0/28       AC: 12    Str: 13    XL:     5   Next: 11%
Magic:  7/9        EV: 12    Int: 17    God:
Gold:   125        SH:  0    Dex: 10    Spells: 6/10 levels left

rFire    . . .     SeeInvis .   h - +1 dagger
rCold    . . .     Gourm    .   (no shield)
rNeg     + . .     Faith    .   c - +0 robe
rPois    ∞         Spirit   .   (no helmet)
rElec    +         Reflect  .   (no cloak)
rCorr    .         Harm     .   j - +0 pair of gloves
MR       .....                  (no boots)
Stlth    ++........             (no amulet)
Regen    0.1/turn               f - +5 ring of protection
MPRegen  0.2/turn               g - +2 ring of strength

@: no status effects
A: negative energy resistance 1, electricity resistance, unbreathing,
petrification resistance, rot immunity, AC +4
a: no special abilities


You were on level 3 of the Dungeon.
You were not hungry.

You visited 1 branch of the dungeon, and saw 3 of its levels.

You collected 125 gold pieces.

Inventory:

Hand Weapons
 h - a +1 dagger (weapon)
Missiles
 b - 58 stones (quivered)
Armour
 c - a +0 robe (worn)
 j - a +0 pair of gloves (worn)
Jewellery
 f - a +5 ring of protection (left hand)
 g - a +2 ring of strength (right hand)
Scrolls
 a - 2 scrolls of enchant weapon
 k - 5 scrolls of remove curse
 l - a scroll of blinking {unknown}
 q - a scroll of teleportation {unknown}
 r - 2 scrolls of fear
 s - a scroll of enchant armour {unknown}
 t - 3 scrolls of identify
 v - a scroll of immolation {unknown}
Potions
 i - 2 potions of brilliance
 n - a potion of berserk rage {unknown}
 u - a potion of curing {unknown}
Books
 e - a book of Geomancy

   Spells                             Type                      Level
   a - Sandblast                      Earth                        1
   b - Passwall                       Transmutation/Earth          2
   c - Stone Arrow                    Conjuration/Earth            3
   d - Petrify                        Transmutation/Earth          4
   e - Lee's Rapid Deconstruction     Earth                        5
Comestibles
 d - 2 bread rations
 m - a chunk of flesh
 o - 3 royal jellies
 p - 2 meat rations


   Skills:
 + Level 2.5 Dodging
 - Level 2.1 Stealth
 + Level 3.1 Spellcasting
 + Level 1.6 Conjurations
   Level 0.7 Transmutations
 + Level 4.6 Earth Magic


You had 6 spell levels left.
You knew the following spells:

 Your Spells              Type           Power        Failure   Level  Hunger
a - Sandblast             Erth           ###...       2%          1    None
b - Stone Arrow           Conj/Erth      ##....       14%         3    ###....


Dungeon Overview and Level Annotations

Branches:
Dungeon (3/15)

Altars:
Ashenzari
Zin


Innate Abilities, Weirdness & Mutations

You are resistant to torment.
Your stone body is resilient. (AC +4)
You are immune to poison.
You resist negative energy. (rN+)
You are resistant to electric shocks. (rElec)
You can survive without breathing.
You are immune to petrification.
You are immune to rotting.


Message History

Confirm with . or Enter, or press ? or * to list all spells.
Aiming: Sandblast
Press: ? - help, Shift-Dir - straight line, f - ogre
Aim: an ogre, wielding a giant club The blast of sand hits the ogre.
The ogre is moderately wounded.
b - 59 stones The ogre hits you with a giant club!!
Ouch! That really hurt!
* * * LOW HITPOINT WARNING * * *
Casting: Sandblast
Confirm with . or Enter, or press ? or * to list all spells.
Aiming: Sandblast
Press: ? - help, Shift-Dir - straight line, f/p - ogre
Aim: an ogre, wielding a giant club (moderately wounded)
The blast of sand hits the ogre.
The ogre is severely wounded.
b - 58 stones The ogre hits you with a giant club.
You die...

...# #....#
#######...#
...########....#
#.........
...'....)..[...#
#......#
...########....#
#.....%# #.## ###'##
#$.....# #'#### #.#
#......+ .....# #.#
#......# ...).#
#.######......#
.....#
#...@OS....#+##
#'#### ##########.#
....####### #.#
........... ...
..#........ ...
..#..##.### #..
.##......# ###### ..$
....###..# #....#####
.##......###....#...#


You could see an ogre and an adder.

Vanquished Creatures
  A scorpion (D:3)
  3 adders (D:3)
  A worm (D:3)
  A dart slug (D:1)
  3 leopard geckos (D:1)
  A ball python (D:1)
  6 bats
  3 giant cockroaches
  5 goblins
  5 hobgoblins
  5 frilled lizards
  6 kobolds
  6 rats
  A toadstool (D:1)
47 creatures vanquished.

Vanquished Creatures (others)
  3 toadstools (D:1)
3 creatures vanquished.

Grand Total: 50 creatures vanquished

Notes
Turn   | Place    | Note
-------+----------+-------------------------------------------
     0 | D:1      | Mesmaeker13 the Gargoyle Earth Elementalist began the quest for the Orb.
     0 | D:1      | Reached XP level 1. HP: 10/10 MP: 3/3
   296 | D:1      | Reached XP level 2. HP: 11/15 MP: 0/5
   496 | D:1      | Reached skill level 4 in Earth Magic
   535 | D:1      | Reached XP level 3. HP: 9/19 MP: 4/6
  1186 | D:2      | Found a shattered altar of Ashenzari.
  1252 | D:2      | Learned a level 3 spell: Stone Arrow
  1324 | D:2      | Found a glowing silver altar of Zin.
  1673 | D:3      | Noticed a scorpion
  1689 | D:3      | Killed a scorpion
  1689 | D:3      | Reached skill level 1 in Conjurations
  1689 | D:3      | Reached XP level 4. HP: 15/24 MP: 2/8
  1851 | D:3      | Reached XP level 5. HP: 28/28 MP: 2/9
  2071 | D:3      | Noticed an ogre
  2084 | D:3      | Slain by an ogre

Skill      XL: |  1  2  3  4 |
---------------+-------------+-----
Dodging        | 2 |  2.5
Earth Magic    | 4 |  4.6
Conjurations   | 1 |  1.6
Spellcasting   | 3 |  3.1
Stealth        | |  2.1
Transmutations | |  0.7

Action                   |  1- 3 |  4- 6 || total
-------------------------+-------+-------++-------
Melee: Dagger            |   146 |    22 ||   168
       Unarmed           |     6 |       ||     6
 Cast: Sandblast         |    20 |     5 ||    25
       Stone Arrow       |       |     1 ||     1
  Use: Scroll            |     3 |     1 ||     4
 Stab: Sleeping          |     3 |     1 ||     4
  Eat: Chunk             |     3 |     1 ||     4
Armor: Robe              |    68 |    10 ||    78
Dodge: Dodged            |   107 |    19 ||   126
